 Dungeon Crawl Stone Soup version 0.23.0-33-g5e6c059 (webtiles) character file.

Game seed: 0

24831 Luthien the Devastator (level 12, -4/66 HPs)
             Began as a Deep Elf Conjurer on Feb 25, 2019.
             Was an Elder of Vehumet.
             Slain by Jorgrun
             ... wielding a +0 quarterstaff of crushing
              (18 damage)
             ... on level 13 of the Dungeon on Feb 26, 2019.
             The game lasted 04:06:13 (27865 turns).

Luthien the Devastator (Deep Elf Conjurer)         Turns: 27865, Time: 04:06:13

Health: -4/66      AC:  6    Str:  5    XL:     12   Next: 84%
Magic:  1/28       EV: 14    Int: 22    God:    Vehumet [****..]
Gold:   1007       SH:  0    Dex: 19    Spells: 15/31 levels left

rFire    . . .     SeeInvis .   A - +2 whip (venom)
rCold    . . .     Gourm    .   (no shield)
rNeg     + . .     Faith    .   Z - +0 robe
rPois    +         Spirit   .   (no helmet)
rElec    .         Reflect  .   z - +2 cloak
rCorr    .         Harm     .   B - +0 pair of gloves
MR       +....                  (no boots)
Stlth    ++++......             (no amulet)
HPRegen  0.21/turn              w - ring of positive energy
MPRegen  0.21/turn              D - ring of poison resistance

@: grasped by roots, hasted, constricted, very quick
A: no striking features
a: Renounce Religion


You were on level 13 of the Dungeon.
You worshipped Vehumet.
Vehumet was greatly pleased with you.
You were not hungry.

You visited 2 branches of the dungeon, and saw 14 of its levels.

You collected 1007 gold pieces.

Inventory:

Hand Weapons
 A - a +2 whip of venom (weapon)
 N - a +2 falchion of freezing
Missiles
 t - 291 stones (quivered)
 u - 14 tomahawks
 E - 204 arrows
 Q - 4 silver tomahawks
Armour
 x - a +0 leather armour of fire resistance
 z - a +2 cloak (worn)
 B - a +0 pair of gloves (worn)
 Z - a +0 robe (worn)
Jewellery
 w - a ring of positive energy (left hand)
 D - a ring of poison resistance (right hand)
 J - an uncursed ring of fire
 V - an uncursed ring of ice
Wands
 a - a wand of random effects (18)
 n - a wand of paralysis (10)
 p - a wand of polymorph (25)
 s - a wand of iceblast (10)
 y - a wand of clouds (5)
 C - a wand of flame (14)
 O - a wand of acid (17)
 R - a wand of disintegration (12)
Scrolls
 b - 5 scrolls of enchant armour
 f - a scroll of silence {unknown}
 g - 2 scrolls of blinking
 o - 2 scrolls of immolation {unknown}
 q - 10 scrolls of identify
 r - 6 scrolls of remove curse
 v - 2 scrolls of noise {unknown}
 F - a scroll of acquirement {unknown}
 G - 6 scrolls of fog
 I - 4 scrolls of teleportation
 L - 3 scrolls of enchant weapon
 S - 2 scrolls of amnesia
 U - 2 scrolls of magic mapping {unknown}
 X - a scroll of holy word {unknown}
Potions
 d - 6 potions of curing {unknown}
 e - a potion of might {unknown}
 h - 4 potions of brilliance
 i - a potion of agility
 j - 4 potions of lignification {unknown}
 k - 2 potions of flight {unknown}
 l - a potion of magic {unknown}
 m - a potion of haste
 H - a potion of cancellation {unknown}
 K - a potion of invisibility {unknown}
 T - a potion of mutation {unknown}
Miscellaneous
 P - a phantom mirror
Comestibles
 c - 19 rations


   Skills:
 - Level 4.0 Fighting
 - Level 7.0 Dodging
 - Level 8.0 Stealth
 - Level 10.1 Spellcasting
 + Level 17.9 Conjurations
 - Level 4.0 Hexes
 - Level 6.0 Evocations


You had 15 spell levels left.
You knew the following spells:

 Your Spells              Type           Power        Failure   Level  Hunger
a - Magic Dart            Conj           ####         0%          1    None
b - Searing Ray           Conj           ######       0%          2    None
c - Fulminant Prism       Conj/Hex       ######....   1%          4    ##.....
d - Iskenderun's Mystic   Conj           ######..     1%          4    ##.....
e - Iskenderun's Battles  Conj/Chrm      ######..     1%          5    ####...

Your spell library contained the following spells:

 Spells                   Type           Power        Failure   Level  Hunger
 Freeze                   Ice            ##..         1%          1    None
 Throw Frost              Conj/Ice       ######       1%          2    None
 Dazzling Spray           Conj/Hex       ######       1%          3    None
 Force Lance              Conj/Tloc      ######..     1%          4    ##.....
 Throw Icicle             Conj/Ice       ######..     1%          4    ##.....
 Ozocubu's Armour         Chrm/Ice       ##......     19%         3    None
 Summon Ice Beast         Ice/Summ       ##......     52%         4    ##.....


Dungeon Overview and Level Annotations

Branches:
Dungeon (13/15)            Temple (0/1) D:7            Lair (1/6) D:9
    Orc (0/2) D:12
 Vaults: D:13-14

Altars:
Ashenzari
Cheibriados
Fedhas
Gozag
Makhleb
Okawaru
Qazlal
Ru
Sif Muna
Trog
Vehumet
Zin
The Shining One

Shops:
D:9 *

Annotations:
D:6 2 transporters, Lanoc's ghost, novice OpMo
D:13 Jorgrun


Message History

Okay, then.
Evoke which item? (* to show all) (? for menu, Esc to quit)
Aiming: Iceblast
Press: ? - help, Shift-Dir - straight line, f/p - Jorgrun
Aim: Jorgrun, wielding a +0 quarterstaff of crushing and wearing a +1 robe of magic resistance (moderately wounded)
The mass of ice explodes!
The iceblast engulfs Jorgrun!
Jorgrun is heavily wounded.
* * * LOW HITPOINT WARNING * * *
The grasping roots constrict you.
Casting: Magic Dart (safe; 0% risk of failure)
Confirm with . or Enter, or press ? or * to list all spells.
Aiming: Magic Dart (safe; 0% risk of failure)
Press: ? - help, Shift-Dir - straight line, f/p - Jorgrun
Aim: Jorgrun, wielding a +0 quarterstaff of crushing and wearing a +1 robe of magic resistance (heavily wounded)
The magic dart hits Jorgrun.
Jorgrun is heavily wounded.
Your battlesphere fires!
The barrage of energy hits Jorgrun!
Jorgrun is severely wounded.
You die...

# ############## ##
#............############ .c.
##.........*@.'.#........#
###..........g....#.#........#
# ......))........#.#.......<#
# ##)'............#.#........#
# ###.(....[.....#..[.......#
#####'##########........# #.#
##.####### #.## #.#### #..#
#....#


You could see Jorgrun and a friendly battlesphere.

Vanquished Creatures
  2 vault guards (D:13)
  A centaur warrior (D:13)
  A two-headed ogre (D:10)
  A queen ant (D:9)
  A tengu warrior (D:13)
  5 skeletal warriors
  Pikel (D:8)
  A komodo dragon (D:11)
  A queen bee (D:9)
  A troll (D:11)
  2 hippogriffs
  A wraith (D:11)
  A wyvern (D:12)
  A human (D:9)
  6 yaks (D:10)
  2 hungry ghosts
  A basilisk (Lair:1)
  2 vampire mosquitoes
  A two-headed ogre zombie (D:12)
  Menkaure (D:5)
  A swamp worm (shapeshifter) (D:12)
  3 acid dragons
  20 soldier ants
  5 wargs
  2 water moccasins
  8 orc warriors
  A porcupine (Lair:1)
  4 sky beasts
  5 phantoms
  3 ice beasts
  3 necrophages
  7 ogres
  2 black bears
  2 crocodiles
  5 centaurs
  2 big kobolds
  11 bullfrogs
  A gnoll sergeant (D:5)
  2 wyvern skeletons
  3 scorpions
  A troll zombie (D:12)
  29 killer bees (D:9)
  14 wights
  2 electric eels (D:4)
  5 howler monkeys
  6 crimson imps
  3 centaur zombies
  A quasit (D:9)
  2 bullfrog zombies
  2 jellies
  9 hounds
  Crazy Yiuf (D:3)
  3 centaur skeletons
  18 orc priests
  15 orc wizards
  2 bullfrog skeletons
  Jessica (D:2)
  Ijyb (D:3)
  4 gnoll shamans (D:5)
  6 iguanas
  26 worker ants
  6 ogre zombies (D:12)
  A hound zombie (D:7)
  A hound skeleton (D:9)
  3 howler monkey zombies
  A worker ant zombie (D:11)
  34 gnolls (D:5)
  A howler monkey skeleton (D:9)
  13 adders
  2 shadow imps
  2 oozes
  3 adder skeletons
  An adder zombie (D:8)
  2 worms
  3 dart slugs (D:1)
  7 leopard geckos
  51 orcs
  A ball python (D:7)
  14 bats
  5 giant cockroaches
  8 hobgoblins
  23 jackals
  19 kobolds
  5 quokkas
  5 frilled lizards
  11 goblins
  A goblin skeleton (D:12)
  3 goblin zombies (D:12)
  2 hobgoblin skeletons (D:12)
  4 hobgoblin zombies (D:12)
  3 leopard gecko skeletons
  4 orc skeletons (D:12)
  11 orc zombies (D:12)
  14 rats
  A fulminant prism (D:10)
539 creatures vanquished.

Vanquished Creatures (others)
  4 slaves (D:9)
  A howler monkey (D:9)
  A quasit (D:9)
  2 orc wizards (D:9)
  A worker ant (D:9)
  An orc (D:9)
  396 fulminant prisms
  3 fungi (Lair:1)
  A plant (Lair:1)
410 creatures vanquished.

Grand Total: 949 creatures vanquished

Notes
Turn   | Place    | Note
-------+----------+-------------------------------------------
     0 | D:1      | Luthien the Deep Elf Conjurer began the quest for the Orb.
     0 | D:1      | Reached XP level 1. HP: 10/10 MP: 6/6
   407 | D:1      | Reached XP level 2. HP: 15/15 MP: 6/8
   428 | D:1      | Learned a level 2 spell: Searing Ray
   449 | D:1      | Reached skill level 5 in Conjurations
   860 | D:1      | Reached XP level 3. HP: 19/19 MP: 7/9
  1271 | D:2      | Noticed Jessica
  1274 | D:2      | Killed Jessica
  1274 | D:2      | Reached skill level 6 in Conjurations
  1313 | D:3      | Noticed Ijyb
  1343 | D:2      | Reached XP level 4. HP: 24/24 MP: 4/10
  1509 | D:3      | Noticed an orc warrior
  1777 | D:2      | Found a blossoming altar of Fedhas.
  1784 | D:2      | Found a glowing silver altar of Zin.
  1784 | D:2      | Found a sacrificial altar of Ru.
  1886 | D:2      | Learned a level 4 spell: Fulminant Prism
  2126 | D:2      | Reached skill level 1 in Hexes
  2311 | D:3      | Paralysed by Ijyb for 5 turns
  2323 | D:3      | Killed Ijyb
  2323 | D:3      | Reached XP level 5. HP: 27/28 MP: 1/11
  2666 | D:3      | Found a burning altar of Makhleb.
  2672 | D:3      | Reached skill level 7 in Conjurations
  3237 | D:3      | Found a runed translucent door.
  3238 | D:3      | Noticed Crazy Yiuf
  3712 | D:3      | Reached XP level 6. HP: 32/32 MP: 3/12
  4353 | D:3      | Reached skill level 8 in Conjurations
  4438 | D:2      | Killed an orc warrior
  4736 | D:3      | Reached XP level 7. HP: 34/36 MP: 5/13
  4808 | D:3      | Learned a level 4 spell: Iskenderun's Mystic Blast
  5460 | D:4      | Found a glowing golden altar of the Shining One.
  5634 | D:4      | Found a transporter.
  5650 | D:4      | Found a transporter.
  5926 | D:4      | Reached skill level 9 in Conjurations
  6716 | D:5      | Entered Level 5 of the Dungeon
  6940 | D:4      | Reached skill level 10 in Conjurations
  7062 | D:5      | Reached XP level 8. HP: 37/41 MP: 3/14
  7550 | D:5      | Reached skill level 11 in Conjurations
  7558 | D:5      | Noticed Menkaure
  7561 | D:5      | Killed Menkaure
  8554 | D:5      | Reached skill level 5 in Spellcasting
  9246 | D:5      | Reached skill level 12 in Conjurations
  9510 | D:5      | Reached XP level 9. HP: 45/45 MP: 5/20
  9633 | D:5      | Found a deep blue altar of Sif Muna.
 10000 | D:5      | Found an iron altar of Okawaru.
 10185 | D:6      | Found a radiant altar of Vehumet.
 10190 | D:6      | Became a worshipper of Vehumet
 10284 | D:6      | Found a shattered altar of Ashenzari.
 10505 | D:6      | Found a transporter.
 10506 | D:6      | Found a transporter.
 10506 | D:6      | Noticed Lanoc's ghost (novice OpMo)
 10516 | D:6      | Found a stormy altar of Qazlal.
 11011 | D:6      | Found an opulent altar of Gozag.
 11160 | D:6      | Noticed a moth of wrath
 11212 | D:6      | Found a bloodstained altar of Trog.
 11801 | D:6      | Reached skill level 13 in Conjurations
 12664 | D:7      | Reached * piety under Vehumet
 12664 | D:7      | Offered knowledge of Sandblast by Vehumet.
 12735 | D:7      | Found a staircase to the Ecumenical Temple.
 12954 | D:7      | Reached skill level 14 in Conjurations
 13586 | D:7      | Found a snail-covered altar of Cheibriados.
 13961 | D:3      | Killed Crazy Yiuf
 14469 | D:8      | Reached XP level 10. HP: 41/50 MP: 12/22
 15231 | D:9      | Reached skill level 1 in Evocations
 15263 | D:9      | Reached skill level 1 in Fighting
 15414 | D:9      | Offered knowledge of Shock by Vehumet.
 15431 | D:9      | Noticed Pikel
 15449 | D:8      | Killed Pikel
 15598 | D:9      | Reached ** piety under Vehumet
 15962 | D:9      | Upgraded the game from 0.23.0-28-g6fe0f4d to
                  | 0.23.0-33-g5e6c059
 16102 | D:9      | Found Moudoc's Lightly-Used Armoury.
 16766 | D:9      | Reached skill level 5 in Stealth
 16951 | D:9      | Reached skill level 5 in Dodging
 16954 | D:9      | Offered knowledge of Static Discharge by Vehumet.
 16972 | D:9      | Reached *** piety under Vehumet
 17490 | D:9      | Reached XP level 11. HP: 60/60 MP: 19/23
 17554 | D:9      | Found a staircase to the Lair.
 17623 | D:10     | Entered Level 10 of the Dungeon
 17642 | D:10     | Offered knowledge of Inner Flame by Vehumet.
 17814 | D:10     | Noticed a two-headed ogre
 17830 | D:10     | Killed a two-headed ogre
 17830 | D:10     | Reached skill level 5 in Evocations
 18694 | D:10     | Reached **** piety under Vehumet
 19116 | D:10     | Offered knowledge of Lee's Rapid Deconstruction by Vehumet.
 19326 | D:10     | Noticed a queen ant
 19928 | D:9      | Killed a queen ant
 20795 | D:11     | Reached skill level 15 in Conjurations
 21813 | Lair:1   | Entered Level 1 of the Lair of Beasts
 21968 | Lair:1   | Reached skill level 10 in Spellcasting
 22189 | Lair:1   | Reached XP level 12. HP: 66/66 MP: 18/28
 22273 | Lair:1   | Noticed a four-headed hydra
 22605 | D:12     | Reached ***** piety under Vehumet
 22612 | D:11     | Offered knowledge of Iskenderun's Battlesphere by Vehumet.
 22623 | D:11     | Learned a level 5 spell: Iskenderun's Battlesphere
 24460 | D:12     | Reached skill level 16 in Conjurations
 25682 | D:11     | HP: 2/64 [skeletal warrior/cursed +0 long sword[a skeletal
                  | warrior] (23)]
 26036 | D:12     | Found a staircase to the Orcish Mines.
 26701 | D:13     | Noticed a centaur warrior
 26713 | D:13     | Killed a centaur warrior
 26713 | D:13     | Reached skill level 17 in Conjurations
 27113 | D:13     | Noticed a tengu warrior
 27121 | D:13     | Killed a tengu warrior
 27732 | D:13     | Noticed Jorgrun
 27740 | D:13     | Noticed a vault guard
 27850 | D:13     | Noticed a vault guard
 27854 | D:13     | Killed a vault guard
 27856 | D:13     | Killed a vault guard
 27865 | D:13     | Slain by Jorgrun

Skill      XL: |  1  2  3  4  5  6  7  8  9 10 11 12 |
---------------+-------------------------------------+-----
Conjurations   | 5 6 7 8 10 12 14 15 17 | 17.9
Hexes          | 1 3 4 |  4.0
Spellcasting   | 6 7 10 | 10.1
Evocations     | 4 6 |  6.0
Dodging        | 5 7 |  7.0
Stealth        | 6 8 |  8.0
Fighting       | 3 4 |  4.0

Action                   |  1- 3 |  4- 6 |  7- 9 | 10-12 || total
-------------------------+-------+-------+-------+-------++-------
Melee: Whip              |       |       |       |     1 ||     1
 Cast: Magic Dart        |    51 |    72 |   119 |   197 ||   439
       Searing Ray       |     5 |    37 |    43 |    48 ||   133
       Fulminant Prism   |       |       |   103 |   295 ||   398
       Iskenderun's Batt |       |       |       |    58 ||    58
       Iskenderun's Myst |       |       |       |     1 ||     1
Evoke: Wand              |       |     1 |     4 |     7 ||    12
  Use: Scroll            |       |       |    13 |     4 ||    17
       Potion            |       |       |     3 |     3 ||     6
  Eat: Chunk             |     1 |    12 |    38 |    34 ||    85
       Ration            |       |       |     2 |    11 ||    13
Armor: Robe              |       |     3 |    25 |    24 ||    52
Dodge: Dodged            |     2 |    26 |    61 |   164 ||   253
